 Dungeon Crawl Stone Soup version 0.26-a0-597-gb535b0901c (webtiles) character file.

Game seed: 14252193994115312521

2022 Lanoc the Frost Mage (level 9, 0/57 HPs)
             Began as a Merfolk Ice Elementalist on Sept 1, 2020.
             Slain by a centaur (9 damage)
             ... on level 7 of the Dungeon.
             The game lasted 00:07:03 (6710 turns).

Lanoc the Frost Mage (Merfolk Ice Elementalist)     Turns: 6710, Time: 00:07:03

Health: 0/57       AC:  5    Str:  9    XL:     9   Next: 23%
Magic:  9/12       EV: 18    Int: 16    God:
Gold:   430        SH:  0    Dex: 15    Spells: 5/12 levels left

rFire    x . .     SeeInvis .   d - +2 hand axe (vamp)
rCold    + . .     Faith    .   (no shield)
rNeg     . . .     Spirit   .   a - +0 robe
rPois    .         Reflect  .   (no helmet)
rElec    .         Harm     .   r - +2 cloak
rCorr    +                      (no gloves)
MR       .....                  (no boots)
Stlth    ++........             (no amulet)
HPRegen  0.19/turn              h - ring of ice
MPRegen  0.13/turn              j - ring of resist corrosion

@: frozen ramparts
A: change form in water, swift swim, stealthy swim
a: no special abilities


You were on level 7 of the Dungeon.
You visited 1 branch of the dungeon, and saw 7 of its levels.

You collected 430 gold pieces.

Inventory:

Hand Weapons
 d - a +2 vampiric hand axe (weapon)
Missiles
 q - a throwing net (quivered)
Armour
 a - a +0 robe (worn)
 r - a +2 cloak (worn)
Jewellery
 h - a ring of ice (left hand)
 j - a ring of resist corrosion (right hand)
Wands
 f - a wand of paralysis (11)
 l - a wand of iceblast (5)
 p - a wand of polymorph (5)
 u - a wand of flame (13)
Scrolls
 b - 3 scrolls of remove curse {unknown}
 e - 2 scrolls of immolation {unknown}
 i - a scroll of blinking {unknown}
 k - a scroll of enchant weapon {unknown}
 m - 7 scrolls of identify {unknown}
 n - 2 scrolls of amnesia {unknown}
 s - a scroll of fear {unknown}
Potions
 c - a potion of cancellation {unknown}
 g - a potion of heal wounds {unknown}
 o - 4 potions of degeneration {unknown}
 t - a potion of curing {unknown}


   Skills:
 + Level 9.2 Dodging
 - Level 2.1 Stealth
 - Level 2.0 Spellcasting
 * Level 11.3 Ice Magic


You had 5 spell levels left.
You knew the following spells:

 Your Spells              Type           Power        Failure   Level
a - Freeze                Ice            ####         1%          1
b - Frozen Ramparts       Ice            ######       1%          3
c - Ozocubu's Armour      Ice            ######..     1%          3

Your spell library contained the following spells:

 Spells                   Type           Power        Failure   Level
 Hailstorm                Conj/Ice       ####....     21%         4
 Summon Ice Beast         Ice/Summ       ####....     21%         4


Dungeon Overview and Level Annotations

Branches:
Dungeon (7/15)
 Temple: D:4-7

Altars:
Fedhas
Makhleb
Uskayaw
Wu Jian


Message History

The centaur shoots an arrow.
The arrow hits you!
You see here 2 arrows.
The centaur shoots an arrow.
The arrow misses you.
You see here an arrow.
The centaur shoots an arrow.
The arrow misses you.
You see here an arrow.
The centaur shoots an arrow.
The arrow hits you.
You see here an arrow.
You start resting.
A centaur is nearby!
Casting: Frozen Ramparts (safe; 1% risk of failure)
Confirm with . or Enter, or press ? or * to list all spells.
You feel a surge of power!
The walls around you are covered in ice.
The wall freezes the centaur.
The centaur shoots an arrow.
The arrow hits you.
The wall freezes the centaur.
The centaur shoots an arrow.
The arrow hits you!
* * * LOW HITPOINT WARNING * * *
The wall freezes the centaur!
The centaur unwields a +0 shortbow.
The centaur hits you!
You die...

###
#...#############
#..<((.(.(..c.#
......##########@#
≈≈≈≈≈≈ #(# ≈≈≈≈≈≈
#.# ≈≈≈c≈≈ #.#
≈≈≈≈≈≈ #.# ≈c≈≈c#
#.# .._.. #.#####
#.....# #####.#


You could see a centaur.

Vanquished Creatures
  Sigmund (D:3)
  An ice beast (D:6)
  A phantom (D:4)
  A sky beast (D:6)
  A black bear (D:6)
  An ogre (D:4)
  A centaur (D:5)
  A crocodile (D:6)
  2 bullfrogs (D:6)
  A scorpion (D:4)
  4 wights (D:6)
  2 howler monkeys
  A hound (D:4)
  4 orc priests
  Ijyb (D:3)
  9 orc wizards
  Jessica (D:3)
  An iguana (D:4)
  6 worker ants
  2 hound zombies (D:6)
  Robin (D:3)
  5 adders
  A white imp (D:5)
  An ufetubus (D:5)
  2 oozes
  An adder skeleton (D:4)
  2 worms (D:3)
  4 dart slugs
  3 leopard geckos
  16 orcs
  A ball python (D:2)
  8 giant cockroaches
  14 goblins
  11 hobgoblins
  2 jackals (D:2)
  10 kobolds
  2 quokkas
  6 bats
  5 frilled lizards
  A leopard gecko skeleton (D:6)
  2 rats (D:1)
140 creatures vanquished.

Notes
Turn   | Place    | Note
-------+----------+-------------------------------------------
     0 | D:1      | Lanoc the Merfolk Ice Elementalist began the quest for the
                  | Orb.
     0 | D:1      | Reached XP level 1. HP: 13/13 MP: 3/3
   328 | D:1      | Reached XP level 2. HP: 19/19 MP: 1/5
   649 | D:1      | Reached skill level 5 in Ice Magic
   843 | D:1      | Reached XP level 3. HP: 24/24 MP: 6/6
  1128 | D:2      | Learned a level 3 spell: Frozen Ramparts
  1604 | D:3      | Noticed Jessica
  1610 | D:3      | Killed Jessica
  1610 | D:3      | Reached XP level 4. HP: 18/30 MP: 4/7
  1610 | D:3      | Noticed Ijyb
  1617 | D:3      | Killed Ijyb
  1696 | D:3      | Reached skill level 6 in Ice Magic
  2065 | D:3      | Reached XP level 5. HP: 35/35 MP: 4/8
  2205 | D:3      | Found an ornate altar of the Wu Jian Council.
  2296 | D:3      | Noticed Sigmund
  2305 | D:3      | Killed Sigmund
  2305 | D:3      | Reached skill level 5 in Dodging
  2305 | D:3      | Reached skill level 7 in Ice Magic
  2305 | D:3      | Reached XP level 6. HP: 26/41 MP: 2/9
  3053 | D:3      | Noticed Robin
  3063 | D:3      | Killed Robin
  3472 | D:4      | Reached XP level 7. HP: 46/46 MP: 6/10
  3536 | D:4      | Reached skill level 8 in Ice Magic
  3705 | D:4      | Learned a level 3 spell: Ozocubu's Armour
  3732 | D:4      | Reached skill level 9 in Ice Magic
  3866 | D:4      | Reached XP level 8. HP: 41/52 MP: 7/11
  4335 | D:5      | Entered Level 5 of the Dungeon
  5237 | D:6      | Reached skill level 10 in Ice Magic
  6004 | D:6      | Found a burning altar of Makhleb.
  6012 | D:6      | Found a hide-covered altar of Uskayaw.
  6118 | D:6      | Reached XP level 9. HP: 54/57 MP: 9/12
  6139 | D:6      | Reached skill level 11 in Ice Magic
  6626 | D:7      | Found a blossoming altar of Fedhas.
  6710 | D:7      | Slain by a centaur

Illustrated notes

Levels and vault maps discovered:
D:1:      saegor_arrival_simple_b, layout_basic
D:2:      layout_loops_ring, riverfiend_overflow_shadow_ancestor,
          ashenzari_conservatory_becter, lemuel_old_faithful,
          uniq_crazy_yiuf_cottage
D:3:      kennysheep_the_goblin_king, layout_loops_ring, marbit_many_paths,
          uniq_sigmund, uniq_ijyb, uniq_robin, uniq_jessica
D:4:      layout_loops_ring
D:5:      layout_loops_cross
D:6:      layout_loops_ring, eat_drink_and_be_merry_uskayaw, bloody_makhleb,
          minmay_diced_spiral
D:7:      layout_loops_ring, lemuel_crystal_altar,
          minmay_temple_entry_crystal_x, serial_undead, serial_undead_f,
          serial_undead_e, serial_undead_b, serial_undead_a,
          lemuel_centaur_altar, uniq_joseph

Skill      XL: |  1  2  3  4  5  6  7  8  9 |
---------------+----------------------------+-----
Dodging        | 3 4 5 7 8 9 |  9.2
Ice Magic      | 5 6 7 9 10 11 | 11.3
Stealth        | |  2.1
Spellcasting   | |  2.0

Action                   |  1- 3 |  4- 6 |  7- 9 || total
-------------------------+-------+-------+-------++-------
Melee: Unarmed           |    41 |       |       ||    41
       Hand axe          |    43 |    59 |   136 ||   238
 Cast: Freeze            |    36 |     4 |     2 ||    42
       Frozen Ramparts   |       |    26 |    35 ||    61
 Stab: Sleeping          |     2 |     1 |     4 ||     7
       Distracted        |       |       |     1 ||     1
Armor: Robe              |    16 |     6 |    18 ||    40
Dodge: Dodged            |    96 |    43 |   147 ||   286

Table legend: (Time is in decaauts)
 A = Elapsed time spent in this place.
 B = Non-inter-level travel time spent in this place.
 C = Inter-level travel time spent in this place.
 D = Time resting spent in this place.
 E = Time spent auto-exploring this place.
 F = Levels seen in this place.
 G = Mean time per level.
                   A        B        C        D        E       F      G
               +--------+--------+--------+--------+--------+-----+--------+
         Total |   6778 |   6616 |    162 |     15 |   5571 |   7 |  968.3 |
       Dungeon |   6778 |   6616 |    162 |     15 |   5571 |   7 |  968.3 |
               +--------+--------+--------+--------+--------+-----+--------+

Top non-repeatable levels by time:
     D:3: 1789 daAuts
     D:6: 1395 daAuts
     D:4: 1135 daAuts
     D:5: 878 daAuts
     D:1: 847 daAuts
     D:2: 599 daAuts
     D:7: 132 daAuts
